 Dungeon Sprint DCSS version 0.19-a0-1886-gd64a0f0 (webtiles) character file.

20682 Arkorax the Peltast (level 13, 0/120 HPs)
             Began as a Formicid Fighter on Oct 15, 2016.
             Was the Champion of Makhleb.
             Slain by a nagaraja
             ... wielding a +0 halberd
              (12 damage)
             ... in the Dungeon (Sprint V: "Ziggurat Sprint").
             The game lasted 00:04:14 (1015 turns).

Arkorax the Peltast (Formicid Fighter)              Turns: 1015, Time: 00:04:15

Health: 0/120      AC: 35    Str: 39    XL:     13   Next: 14%
Magic:  13/13      EV:  1    Int:  7    God:    Makhleb [******]
Gold:   0          SH: 35    Dex: 10    Spells: 0 memorised, 12 levels left

rFire  . . .     SeeInvis +     L - +5 executioner's axe
rCold  . . .     Gourm    .     J - +15 Maxwell's patent armour {-Cast -Tele rElec MR+ rCorr}
rNeg   + . .     Faith    .     K - +18 shield of the Gong {rElec rN+ MR+ EV-5}
rPois  +         Spirit   .     (helmet unavailable)
rElec  +         Dismiss  .     N - +1 cloak {rPois}
rCorr  +         Reflect  .     (no gloves)
MR     +++..     Harm     .     (no boots)
Stlth  .......... NoCast   +    (no amulet)
                                E - +6 ring of strength
                                D - +6 ring of strength

@: lethally poisoned (0 -> -18), constricted
A: permanent stasis, dig shafts and tunnels, four strong arms, antennae 3
a: Dig, Minor Destruction, Lesser Servant of Makhleb, Major Destruction, Greater
Servant of Makhleb, Renounce Religion


You were in the Dungeon.
You worshipped Makhleb.
Makhleb was exalted by your worship.
You were not hungry.

You visited 1 branch

Inventory:

Hand Weapons
 a - a +0 war axe
 L - a +5 executioner's axe (weapon)
 O - the +5 demon whip "Spellbinder" {antimagic, MR+}
   (You took it off a spriggan in the Dungeon)

   It reduces the magical energy of the wielder, and disrupts the spells and
   magical abilities of those hit.
   Natural abilities and divine invocations are not affected.
   It affects your resistance to hostile enchantments.
Armour
 b - a +0 scale mail
 c - a +0 shield
 J - the +15 Maxwell's patent armour (worn) {-Cast -Tele rElec MR+ rCorr}
   (You found it in the Dungeon)

   It insulates you from electricity.
   It affects your resistance to hostile enchantments.
   It prevents spellcasting.
   It prevents most forms of teleportation.
   It protects you from acid and corrosion.
 K - the +18 shield of the Gong (worn) {rElec rN+ MR+ EV-5}
   (You found it in the Dungeon)

   It affects your evasion (-5).
   It insulates you from electricity.
   It protects you from negative energy.
   It affects your resistance to hostile enchantments.
 N - a +1 cloak of poison resistance (worn)
   (You found it in the Dungeon)
 V - the cursed +0 buckler "Zuefi" {rPois Dex+8 Slay+6}
   (You found it in the Dungeon)

   It affects your dexterity (+8).
   It affects your accuracy and damage with ranged weapons and melee attacks
   (+6).
   It protects you from poison.
   It has a curse placed upon it.
Rods
 M - a +6 iron rod (13/13) {!a}
   (You found it in the Dungeon)
 Q - a +2 rod of inaccuracy (14/14) {!a}
   (You took it off an iron imp in the Dungeon)
Jewellery
 y - a +6 ring of dexterity
 A - a +6 ring of dexterity
 B - a +6 ring of intelligence
 C - a +6 ring of intelligence
 D - a +6 ring of strength (left hand)
 E - a +6 ring of strength (right hand)
 P - the ring of Weipry {Fire rElec}
   (You found it in the Dungeon)

   [ring of fire]

   It enhances your fire magic.
   It protects you from fire.
   It makes you vulnerable to cold.
   It insulates you from electricity.
 R - the ring of Waffeg {*Corrode rPois rF+ rN++}
   (You found it in the Dungeon)

   [ring of protection from fire]

   It protects you from fire.
   It protects you from poison.
   It greatly protects you from negative energy.
   It may corrode you when you take damage.
 S - the amulet of Duorod {Gourm Int+3}
   (You found it in the Dungeon)

   [amulet of the gourmand]

   It allows you to eat raw meat even when not hungry.
   It affects your intelligence (+3).
 T - the ring of Modolusk {Fire +Fly rElec Int+2}
   (You found it in the Dungeon)

   [ring of fire]

   It enhances your fire magic.
   It affects your intelligence (+2).
   It protects you from fire.
   It makes you vulnerable to cold.
   It insulates you from electricity.
   It lets you fly.
 U - a +3 ring of intelligence
Wands
 F - a wand of disintegration (7/24)
 G - a wand of iceblast (5/15)
 H - a wand of lightning (5/15)
 I - a wand of acid (5/15)
Scrolls
 k - 4 scrolls of blinking
 q - 4 scrolls of amnesia
 r - 3 scrolls of recharging
 s - 7 scrolls of fog
 t - a scroll of holy word {!r}
 u - 5 scrolls of identify
 v - 5 scrolls of remove curse
 w - 2 scrolls of fear {!r}
Potions
 d - 3 potions of might {!q}
 e - 10 potions of curing
 g - 7 potions of heal wounds {!q}
 h - 6 potions of haste {!q}
 i - 7 potions of magic {!q}
 j - 3 potions of berserk rage
 l - 2 potions of brilliance {!q}
 m - a potion of invisibility {!q}
 n - 4 potions of resistance {!q}
 o - a potion of experience
 p - 5 potions of agility {!q}
Comestibles
 f - 4 bread rations {!e}
 x - 42 fruits
 z - 4 meat rations {!e}


   Skills:
 + Level 17.3 Fighting
 + Level 15.9 Axes
 + Level 17.3 Armour
 + Level 18.7 Shields


You had 12 spell levels left.
You didn't know any spells.

Dungeon Overview and Level Annotations

Branches:
Dungeon (1/1)

Altars:
Ashenzari
Cheibriados
Dithmenos
Elyvilon
Fedhas
Gozag
Hepliaklqana
Kikubaaqudgha
Makhleb
Nemelex Xobeh
Okawaru
Qazlal
Ru
Sif Muna
Trog
Uskayaw
Vehumet
Xom
Yredelemnul
Zin
The Shining One
Beogh
Jiyva
Lugonu


Innate Abilities, Weirdness & Mutations

You are under a permanent stasis effect.
You can dig through walls and to a lower floor.
Your four strong arms can wield two-handed weapons with a shield.
You have a pair of large antennae on your head. (SInv)


Message History

Tha nagaraja hits ye but does nay damage.
Tha nagaraja grabs ye.
* * * LOW HITPOINT WARNIN'
* * * Tha nagaraja constricts ye.
Ye block tha naga mage's attack.
SHROANNG!
Ye see 'ere an anaconda corpse.
Damage: 6 (max 29) Ye barely miss tha nagaraja.
Ye hit tha naga mage but do nay damage.
Ye slash tha naga warrior!
Ye feel sick.
Tha nagaraja gestures at ye while chantin'.
Ye resist wit' almost nay effort.
Tha nagaraja constricts ye.
Ye block tha naga mage's attack.
BOUMMMMG!
Ye block tha naga warrior's attack.
PANG!
Tha nagaraja spits poison at ye.
Tha splash o' poison hits ye!
Ye be more poison'd.
Ye resist.
Tha nagaraja constricts ye.
Damage: 2 (max 29) Ye closely miss tha nagaraja.
Ye slice tha naga warrior!!
Ye barely miss tha naga mage.
Ye feel very sick.
Tha naga mage spits poison at ye.
Ye block tha splash o' poison.
BOUMMMMG!
Ye block tha nagaraja's attack.
SHROANNG!
Tha nagaraja constricts ye.
Ye block tha naga mage's attack.
GONNNNG!
Tha naga warrior hits ye wit' a glaive!!
* * * LOW HITPOINT WARNIN'
* * * Damage: 22 (max 29) Ye be too injured ta fight recklessly!
Ye be too injured ta fight recklessly!
Unknown command.
Ye be too injured ta fight recklessly!
Ye be too injured ta fight recklessly!
Ye barely miss tha nagaraja.
Ye closely miss tha naga mage.
Ye slice tha naga warrior!!
* * * LOW HITPOINT WARNIN'
* * * Ye feel very sick.
Tha nagaraja hits ye but does nay damage.
Tha nagaraja constricts ye.
Ye block tha naga mage's attack.
GONNNNG!
Tha naga warrior spits poison at ye.
Ye block tha splash o' poison.
PTOANNNG!
Tha nagaraja hits ye wit' a halberd!
Ye die...

▓.........▓
▓▓▓▓▓▓▓▓▓▓▓▓▓.▓.....▓.▓
▓....8©8....▓.........▓
▓..:))")[...▓▓▓▓▓▓▓▓▓▓▓
▓...?)}|:...▓...8©8...▓
▓...........▓..|:).[..▓
▓...........▓...):[...▓
▓....NN.....▓.........▓
▓.....@)....▓.........▓
▓....).N....▓.........▓
▓....)......▓.........▓
▓...........▓...)))...▓
▓...........▓.....)...▓
▓▓▓▓▓▓▓▓▓▓▓▓▓▓▓▓▓▓▓▓▓▓▓
▓...8©8...▓...8©8...▓..
▓..\:=[)[.▓....:|}..▓..
▓..}:|}[..▓..[[.)|..▓..


You could see a naga warrior, a nagaraja and a naga mage.

Vanquished Creatures
  2 storm dragons (D)
  2 death cobs (D)
  A reaper (D)
  A purple draconian (D)
  A yellow draconian (D)
  A naga warrior (D)
  An anaconda (D)
  2 spriggan air magi (D)
  A dancing weapon (D)
  A skeletal warrior (D)
  A flayed ghost (D)
  2 deep elf magi (D)
  3 draconians (D)
  A rust devil (D)
  2 spiny frogs (D)
  2 red devils (D)
  2 wind drakes (D)
  A hornet (D)
  A flying skull (D)
  2 spriggans (D)
  2 air elementals (D)
  A large abomination (D)
  3 nagas (D)
  3 water moccasins (D)
  3 insubstantial wisps (D)
  4 black bears (D)
  5 wolves (D)
  2 earth elementals (D)
  4 bullfrogs (D)
  2 scorpions (D)
  3 crimson imps (D)
  A quasit (D)
  An orc priest (D)
  6 iron imps (D)
  An iguana (D)
  A mummy (D)
  A river rat (D)
  2 shadow imps (D)
  A white imp (D)
  3 ufetubi (D)
  2 orcs (D)
  2 bat skeletons (D)
  A ball python (D)
84 creatures vanquished.

Vanquished Creatures (others)
  A draconian (D)
1 creature vanquished.

Grand Total: 85 creatures vanquished

Notes
Turn   | Place    | Note
-------+----------+-------------------------------------------
     0 | D        | Arkorax the Formicid Fighter began the quest for the Orb.
     0 | D        | Reached XP level 1. HP: 18/18 MP: 1/1
     0 | D        | Found a deep blue altar of Sif Muna.
     0 | D        | Found a bloodstained altar of Trog.
     0 | D        | Found a sacrificial altar of Ru.
     0 | D        | Found a stormy altar of Qazlal.
     0 | D        | Found an iron altar of Okawaru.
     3 | D        | Found a sparkling altar of Nemelex Xobeh.
     3 | D        | Found a blossoming altar of Fedhas.
     5 | D        | Found an ancient bone altar of Kikubaaqudgha.
     5 | D        | Found a viscous altar of Jiyva.
     5 | D        | Found a corrupted altar of Lugonu.
     5 | D        | Found a hazy altar of Hepliaklqana.
     5 | D        | Found a burning altar of Makhleb.
     5 | D        | Found an opulent altar of Gozag.
    26 | D        | Became a worshipper of Makhleb the Destroyer
    86 | D        | Entered arena 1.
    86 | D        | Noticed a scorpion
    86 | D        | Noticed a scorpion
    89 | D        | Killed a scorpion
    89 | D        | Reached skill level 5 in Fighting
    89 | D        | Reached skill level 3 in Axes
    89 | D        | Reached skill level 5 in Armour
    89 | D        | Reached skill level 5 in Shields
    89 | D        | Reached XP level 2. HP: 23/27 MP: 2/2
    89 | D        | Reached XP level 3. HP: 28/33 MP: 3/3
    89 | D        | Reached XP level 4. HP: 33/39 MP: 4/4
    97 | D        | Reached skill level 4 in Axes
    97 | D        | Reached skill level 6 in Shields
   292 | D        | Entered arena 2.
   295 | D        | Reached * piety under Makhleb
   295 | D        | Reached XP level 5. HP: 46/46 MP: 5/5
   298 | D        | Reached skill level 6 in Fighting
   298 | D        | Reached skill level 5 in Axes
   298 | D        | Reached skill level 6 in Armour
   307 | D        | Entered arena 3.
   310 | D        | Reached ** piety under Makhleb
   310 | D        | Reached skill level 7 in Shields
   324 | D        | Entered arena 4.
   324 | D        | Noticed a black bear
   324 | D        | Noticed a spriggan
   324 | D        | Noticed a wolf
   324 | D        | Noticed a black bear
   325 | D        | Killed a wolf
   325 | D        | Reached *** piety under Makhleb
   325 | D        | Reached skill level 7 in Fighting
   325 | D        | Reached skill level 6 in Axes
   325 | D        | Reached skill level 7 in Armour
   325 | D        | Reached skill level 8 in Shields
   325 | D        | Reached XP level 6. HP: 55/55 MP: 6/6
   329 | D        | Killed a black bear
   329 | D        | Reached skill level 8 in Fighting
   329 | D        | Reached skill level 8 in Armour
   331 | D        | Killed a black bear
   331 | D        | Reached skill level 7 in Axes
   331 | D        | Reached skill level 9 in Shields
   331 | D        | Reached XP level 7. HP: 58/63 MP: 7/7
   335 | D        | Killed a spriggan
   335 | D        | Reached **** piety under Makhleb
   335 | D        | Reached skill level 9 in Fighting
   335 | D        | Reached skill level 9 in Armour
   355 | D        | Entered arena 5.
   355 | D        | Noticed a deep elf mage
   355 | D        | Noticed a hand axe of chopping
   355 | D        | Noticed a deep elf mage
   369 | D        | Reached skill level 8 in Axes
   369 | D        | Reached skill level 10 in Shields
   372 | D        | Killed a deep elf mage
   372 | D        | Reached skill level 10 in Fighting
   372 | D        | Reached skill level 9 in Axes
   372 | D        | Reached skill level 10 in Armour
   372 | D        | Reached skill level 11 in Shields
   372 | D        | Reached XP level 8. HP: 36/72 MP: 8/8
   376 | D        | Killed a hand axe of chopping
   376 | D        | Reached skill level 11 in Fighting
   376 | D        | Reached skill level 10 in Axes
   376 | D        | Reached skill level 11 in Armour
   376 | D        | Reached skill level 12 in Shields
   376 | D        | Reached XP level 9. HP: 42/81 MP: 9/9
   383 | D        | Killed a deep elf mage
   383 | D        | Reached ***** piety under Makhleb
   509 | D        | Entered arena 6.
   528 | D        | Entered arena 7.
   528 | D        | Noticed a spriggan rider
   533 | D        | Reached skill level 12 in Fighting
   533 | D        | Reached skill level 12 in Armour
   533 | D        | Reached skill level 13 in Shields
   538 | D        | Reached ****** piety under Makhleb
   538 | D        | Reached skill level 11 in Axes
   540 | D        | Reached XP level 10. HP: 89/89 MP: 10/10
   552 | D        | Killed a spriggan rider
   563 | D        | Got the ring of Weipry {Fire rElec}
   568 | D        | Entered arena 8.
   568 | D        | Noticed a flayed ghost
   573 | D        | Identified a +2 rod of inaccuracy (11/14)
   574 | D        | Killed a flayed ghost
   574 | D        | Reached skill level 13 in Fighting
   574 | D        | Reached skill level 13 in Armour
   574 | D        | Reached skill level 14 in Shields
   576 | D        | Reached skill level 12 in Axes
   581 | D        | Got the ring of Waffeg {*Corrode rPois rF+ rN++}
   584 | D        | Got the amulet of Duorod {Gourm Int+3}
   588 | D        | Got the ring of Modolusk {Fire +Fly rElec Int+2}
   646 | D        | Entered arena 9.
   646 | D        | Noticed a purple draconian
   646 | D        | Noticed a draconian
   646 | D        | Noticed a death cob
   646 | D        | Noticed a death cob
   646 | D        | Noticed a draconian
   646 | D        | Noticed a draconian
   646 | D        | Noticed a yellow draconian
   646 | D        | Noticed a draconian
   652 | D        | Killed a death cob
   652 | D        | Reached XP level 11. HP: 67/99 MP: 11/11
   652 | D        | Killed a death cob
   652 | D        | Reached skill level 14 in Fighting
   652 | D        | Reached skill level 13 in Axes
   652 | D        | Reached skill level 14 in Armour
   652 | D        | Reached skill level 15 in Shields
   653 | D        | Killed a draconian
   656 | D        | Killed a draconian
   656 | D        | Killed a draconian
   660 | D        | Killed a yellow draconian
   660 | D        | Reached skill level 16 in Shields
   660 | D        | Killed a purple draconian
   660 | D        | Reached skill level 15 in Fighting
   660 | D        | Reached skill level 15 in Armour
   660 | D        | Killed a draconian
   660 | D        | Reached skill level 14 in Axes
   671 | D        | Entered arena 10.
   678 | D        | Reached XP level 12. HP: 110/110 MP: 12/12
   691 | D        | Entered arena 11.
   691 | D        | Noticed a reaper
   691 | D        | Noticed a skeletal warrior
   701 | D        | Killed a skeletal warrior
   704 | D        | Reached skill level 17 in Shields
   705 | D        | Killed a reaper
   710 | D        | Reached skill level 16 in Armour
   720 | D        | Reached skill level 16 in Fighting
   857 | D        | Got the cursed +0 buckler "Zuefi" {rPois Dex+8 Slay+6}
   859 | D        | Entered arena 12.
   859 | D        | Noticed a spriggan air mage
   859 | D        | Noticed a storm dragon
   860 | D        | Noticed a spriggan air mage
   861 | D        | Noticed a storm dragon
   867 | D        | Killed a spriggan air mage
   867 | D        | HP: 31/111 [storm dragon (9)]
   869 | D        | Reached skill level 15 in Axes
   871 | D        | HP: 15/111 [storm dragon (1)]
   873 | D        | Killed a spriggan air mage
   875 | D        | Killed a storm dragon
   875 | D        | Reached skill level 18 in Shields
   878 | D        | Killed a storm dragon
   879 | D        | Reached skill level 17 in Fighting
   881 | D        | Reached skill level 17 in Armour
   993 | D        | Entered arena 13.
   995 | D        | Noticed a naga warrior
   995 | D        | Noticed an anaconda
   995 | D        | Noticed a nagaraja
   995 | D        | Noticed a naga warrior
   998 | D        | Reached XP level 13. HP: 120/120 MP: 13/13
  1003 | D        | Killed an anaconda
  1008 | D        | Killed a naga warrior
  1014 | D        | HP: 35/120 [poisoned by a nagaraja (splash of poison)]
  1014 | D        | HP: 15/120 [naga warrior/glaive (20)]
  1015 | D        | Slain by a nagaraja

Vault maps used:
D:        sprint_v

Skill      XL: |  1  2  3  4  5  6  7  8  9 10 11 12 |
---------------+-------------------------------------+-----
Fighting       | 5 7 8 10 11 12 13 15 17 | 17.3
Axes           | 3 4 6 7 9 10 11 12 14 15 | 15.9
Armour         | 5 7 8 10 11 12 13 15 17 | 17.3
Shields        | 5 6 8 9 11 12 13 14 16 18 | 18.7

Action                   |  1- 3 |  4- 6 |  7- 9 | 10-12 | 13-15 || total
-------------------------+-------+-------+-------+-------+-------++-------
Melee: Executioner's axe |     2 |    24 |    47 |    75 |    16 ||   164
  Use: Potion            |       |       |     2 |     5 |       ||     7
 Stab: Invisible         |       |       |       |     8 |       ||     8
  Eat: Bread ration      |       |       |       |     1 |       ||     1
Armor: Plate armour      |     2 |    32 |    61 |    58 |    23 ||   176
Dodge: Dodged            |       |     1 |     3 |    11 |     1 ||    16
Block: Shield            |     3 |    46 |    96 |   181 |    59 ||   385

Table legend:
 A = Turns spent in this place as a percentage of turns spent in the entire game.
 B = Non-inter-level travel turns spent in this place as a percentage of non-inter-level travel turns spent in the entire game.
 C = Inter-level travel turns spent in this place as a percentage of turns spent in this place.
 D = Turns resting spent in this place as a percentage of non-inter-level travel turns spent in this place.
 E = Turns spent auto-exploring this place as a percentage of non-inter-level travel turns spent in this place.
 F = Non-inter-level travel turns spent in this place divided by the number of levels of this place that you've seen.
                   A       B       C       D       E      F
               +-------+-------+-------+-------+-------+----------------------
         Total | 100.0 | 100.0 |   0.0 |   3.5 |   1.0 | 510.0
       Dungeon | 100.0 | 100.0 |   0.0 |   3.5 |   1.0 | 510.0
               +-------+-------+-------+-------+-------+----------------------

Vault maps used:
D:        sprint_v
